 Dungeon Crawl Stone Soup version 0.30-a0-879-ga8ba668304 (webtiles) character file.

Game seed: 4946504960753371558

19654 EiAlmux the Frost Mage (level 12, -3/86 (94) HPs)
             Began as a White Draconian Fire Elementalist on Mar 14, 2023.
             Was a High Priest of Vehumet.
             Slain by a spectral orc knight
             ... wielding a +2 broad axe
             ... summoned by Nergalle
              (13 damage)
             ... on level 3 of the Lair of Beasts.
             The game lasted 00:57:35 (14049 turns).

EiAlmux the Frost Mage (DrFE)                      Turns: 14049, Time: 00:57:36

HP:   -3/86 (94)    AC: 13    Str: 15    XL:     12   Next: 38%
MP:   1/24          EV: 16    Int: 18    God:    Vehumet [*****.]
Gold: 706           SH:  6    Dex: 19    Spells: 4/28 levels left

rFire   + . .      SeeInvis .    M - +7 dagger "Voamezeq" {speed, rC- rN++ Will+ rCorr}
rCold   . . .      Faith    .    z - +0 buckler
rNeg    + + .      Spirit   .    (body armour unavailable)
rPois   +          Reflect  .    (helmet restricted)
rElec   .          Rampage  .    d - +0 cloak
rCorr   +                        l - +0 pair of gloves "Raadalev" {rF+}
Will    +....                    D - +2 pair of boots
Stlth   ++++                     e - amulet of Doubts {RegenMP rPois Str+5 Int-2}
HPRegen 0.34/turn                m - +6 ring of dexterity
MPRegen 0.59/turn                A - ring of wizardry

@: about to teleport, freezing walls, drained
A: breathe frost, AC +8, unfitting armour, cold resistance 1, cold-blooded
a: Breathe Frost, Renounce Religion


You were on level 3 of the Lair of Beasts.
You worshipped Vehumet.
Vehumet was extremely pleased with you.
You visited 3 branches of the dungeon, and saw 15 of its levels.
You also visited: Ossuary.

You collected 706 gold pieces.

Inventory:

Hand Weapons
 n - a +3 dagger of venom
 E - a +0 dagger of freezing
 M - the +7 dagger "Voamezeq" (weapon) {speed, rC- rN++ Will+ rCorr}
   (You found it on level 10 of the Dungeon)

   rC:        It makes you vulnerable to cold.
   rN:        It greatly protects you from negative energy.
   rCorr:     It protects you from acid and corrosion.
   Will:      It increases your willpower.
Armour
 d - a +0 cloak (worn)
 l - the +0 pair of gloves "Raadalev" (worn) {rF+}
   (You found it on level 3 of the Dungeon)

   rF:        It protects you from fire.
 z - a +0 buckler (worn)
 D - a +2 pair of boots (worn)
Jewellery
 e - the amulet of Doubts (around neck) {RegenMP rPois Str+5 Int-2}
   (You acquired it on level 3 of the Dungeon)

   [amulet of magic regeneration]

   It increases your rate of magic regeneration.
   Str:       It affects your strength (+5).
   Int:       It affects your intelligence (-2).
   rPois:     It protects you from poison.
 g - the amulet "Buwu" {RegenMP rCorr Str+3}
   (You found it on level 3 of the Dungeon)

   [amulet of magic regeneration]

   It increases your rate of magic regeneration.
   Str:       It affects your strength (+3).
   rCorr:     It protects you from acid and corrosion.
 m - a +6 ring of dexterity (left hand)
 s - a ring of fire
 u - a ring of fire
 A - a ring of wizardry (right hand)
 B - an amulet of reflection
 O - a ring of poison resistance
Wands
 x - a wand of paralysis (8)
 y - a wand of flame (14)
 P - a wand of roots (6)
Scrolls
 c - 3 scrolls of amnesia
 f - 3 scrolls of teleportation
 j - a scroll of silence
 o - 5 scrolls of noise
 q - a scroll of poison {unknown}
 t - a scroll of blinking {unknown}
 w - 2 scrolls of fog
 G - 3 scrolls of summoning
 J - 3 scrolls of magic mapping
 K - 3 scrolls of fear {unknown}
 L - a scroll of vulnerability
 N - a scroll of immolation {unknown}
 Q - a scroll of enchant weapon
 R - a scroll of torment {unknown}
 S - a scroll of enchant armour {unknown}
 U - a scroll of identify
Potions
 a - a potion of magic
 b - 5 potions of lignification
 h - 2 potions of might
 i - 5 potions of degeneration
 k - 4 potions of haste
 p - a potion of ambrosia {unknown}
 r - 4 potions of curing
 v - 3 potions of resistance
 C - 4 potions of cancellation
 F - 4 potions of flight
 H - a potion of heal wounds {unknown}
 I - 2 potions of attraction
 T - 2 potions of mutation {unknown}


   Skills:
 - Level 5.0 Fighting
 + Level 7.0 Dodging
 + Level 7.4 Stealth
 - Level 4.0 Shields
 + Level 8.8 Spellcasting
 - Level 7.0 Conjurations
 - Level 3.2 Fire Magic
 * Level 13.6 Ice Magic
 - Level 3.0 Air Magic


You had 4 spell levels left.
You knew the following spells:

 Your Spells              Type           Power      Damage    Failure   Level
a - Ozocubu's Armour      Ice            55%        N/A       1%          3
b - Hailstorm             Conj/Ice       45%        3d10      1%          3
c - Freezing Cloud        Conj/Ice/Air   18%        6-21      1%          5
d - Frozen Ramparts       Ice            100%       1d16      1%          3
e - Foxfire               Conj/Fire      100%       2x1d9     1%          1
f - Ozocubu's Refrigerat  Ice            27%        4d13      4%          7
g - Scorch                Fire           38%        2d7       1%          2

Your spell library contained the following spells:

 Spells                   Type           Power      Damage    Failure   Level
 Starburst                Conj/Fire      13%        6d5       22%         6
 Freeze                   Ice            100%       1d10      1%          1
 Ensorcelled Hibernation  Hex/Ice        64%        N/A       1%          2
 Kindle Blastsparks       Fire/Tloc/Air  30%        2d12      1%          3
 Flame Wave               Conj/Fire      26%        2d8       1%          4
 Inner Flame              Hex/Fire       13%        N/A       2%          3
 Apportation              Tloc           14%        N/A       4%          1
 Blink                    Tloc           14%        N/A       7%          2
 Lesser Beckoning         Tloc           14%        N/A       7%          2
 Vhi's Electric Charge    Tloc/Air       26%        N/A       8%          3
 Gell's Gravitas          Tloc           7%         N/A       14%         3
 Spider Form              Tmut/Pois      7%         N/A       14%         3
 Teleport Other           Tloc           7%         N/A       14%         3
 Anguish                  Hex/Necr       3%         N/A       41%         4
 Manifold Assault         Tloc           7%         N/A       41%         4
 Arcjolt                  Conj/Air       12%        1d22      4%          5
 Alistair's Intoxication  Tmut/Pois      4%         N/A       75%         5
 Enfeeble                 Hex            3%         N/A       100%        7
 Storm Form               Tmut/Air       6%         N/A       100%        7
 Discord                  Hex            3%         N/A       100%        8
 Maxwell's Capacitive Co  Air            9%         ∞         100%        8
 Chain Lightning          Conj/Air       12%        3d16      100%        9
 Fire Storm               Conj/Fire      13%        8d3       100%        9
 Shatter                  Erth           3%         3d7*      100%        9


Dungeon Overview and Level Annotations

Branches:
Dungeon (11/15)            Temple (1/1) D:7            Lair (3/5) D:10
 Shoals (0/4) Lair:2      Ossuary (visited)
  Snake: Lair:2-3    Spider: Lair:2-3       Orc: D:9-12

Altars:
Ashenzari
Cheibriados
Dithmenos
Elyvilon
Fedhas
Gozag
Hepliaklqana
Kikubaaqudgha
Makhleb
Nemelex Xobeh
Okawaru
Qazlal
Ru
Trog
Uskayaw
Vehumet
Wu Jian
Xom
Yredelemnul
Zin
The Shining One

Shops:
D:7 :   D:8 (*   D:9 (

Annotations:
D:9 Erolcha
D:11 Sonja
Temple 2 transporters
Lair:3 Nergalle


Innate Abilities, Weirdness & Mutations

You can breathe waves of freezing cold which knock back foes.
Your icy white scales are hard. (AC +8)
You cannot fit into any form of body armour.
Your flesh is cold resistant. (rC+)
You are cold-blooded and may be slowed by cold attacks.


Message History

The spectral orc resists.
You destroy the spectral orc!
The spectral orc disappears in a puff of smoke!
The spectral orc resists.
You destroy the spectral orc!
The spectral orc disappears in a puff of smoke!
The spectral orc knight resists.
The spectral orc knight is moderately damaged.
Nergalle is severely wounded.
The spectral orc knight resists.
The wall freezes the spectral orc knight.
You block the spectral orc knight's attack.
The spectral orc knight resists.
The wall freezes the spectral orc knight.
The spectral orc knight hits you with a +2 broad axe!
* * * LOW HITPOINT WARNING * * *
You partially resist.
You feel drained. Nergalle misses you.
Casting: Ozocubu's Refrigeration (dangerous; 4% risk of failure)
Confirm with . or Enter, or press ? or * to list all spells.
The heat is drained from your surroundings.
The spectral orc knight resists.
The spectral orc knight is moderately damaged.
Nergalle is severely wounded.
The wall freezes the spectral orc knight but does no damage.
The spectral orc knight barely misses you.
Nergalle blows her nose.
Nergalle hits you with a +2 dagger of speed.
* * * LOW HITPOINT WARNING * * *
Okay, then.
As you read the scroll of teleportation, it crumbles to dust.
You feel strangely unstable.
The wall freezes the spectral orc knight but does no damage.
The spectral orc knight hits you with a +2 broad axe.
* * * LOW HITPOINT WARNING * * *
You partially resist.
You feel drained.
Nergalle points at you and mumbles some strange words.
Orcish apparitions take form around you.
The wall freezes the spectral orc knight but does no damage.
The spectral orc knight hits you with a +2 broad axe!
You die...

.................
........................
........................
.......#................
.......#................
......###...............
.......##.............>.
.....####P#.#...........
...### ########@.Z§§...
....# ##Zo§☼§... ....#
###Z☼§°§§... ...##
#####..§§§§..... #>..#
#....§..§§§..[.. ...##
#...#..○........ ....#
##....°..(...... ....##
##....°..........
...#.###................


You could see Nergalle, a spectral orc (summoned), a spectral orc warrior
(summoned) and a spectral orc knight (summoned, fast).

Vanquished Creatures
  2 two-headed ogres
  Erica (D:8)
  The ghost of Gerhazo the Destroyer, a novice DECj of Vehumet (D:7)
  Pikel (D:5)
  A cyclops (D:9)
  A manticore (D:9)
  3 black mambas
  Joseph (D:8)
  A gargoyle (D:9)
  6 cane toads
  4 komodo dragons
  A troll (D:10)
  2 merfolk (Lair:2)
  2 hornets (D:9)
  A vampire (D:9)
  A shadow (D:9)
  5 wyverns
  A basilisk (Lair:3)
  25 yaks
  Grum (Lair:1)
  2 vampire mosquitoes (D:10)
  6 water moccasins
  2 black bears
  4 orc warriors
  4 ice beasts
  2 sky beasts (D:6)
  6 wolves
  A centaur (D:5)
  2 lemures (D:5)
  2 phantoms
  8 kobold brigands
  8 bullfrogs
  A gnoll sergeant (D:9)
  3 scorpions
  6 killer bees (D:10)
  7 howler monkeys
  4 electric eels
  5 hounds
  3 orc priests
  2 gnoll boudas
  2 human zombies (Ossuary)
  3 jellies
  4 sleepcaps
  2 scorpion zombies (D:4)
  4 iguanas
  13 orc wizards
  2 hound skeletons (D:4)
  A hound zombie (D:4)
  2 mummies (Ossuary)
  5 adders
  8 gnolls
  2 white imps
  2 ufetubi
  4 adder zombies
  A worm (D:3)
  A dart slug (D:2)
  35 orcs
  6 ball pythons
  9 endoplasms
  4 giant cockroaches
  3 hobgoblins
  7 jackals
  43 kobolds
  A quokka (D:4)
  4 bats
  2 frilled lizards
  8 goblins
  2 goblin zombies (Ossuary)
  11 hobgoblin zombies (Ossuary)
  10 kobold zombies (Ossuary)
  6 orc zombies (Ossuary)
  6 rats
  2 rat zombies (Ossuary)
354 creatures vanquished.

Vanquished Creatures (others)
  An orc wizard (D:6)
  An orc (D:8)
  A kobold (D:8)
  38 foxfires
  11 fungi
  31 plants
  2 withered plants (D:4)
85 creatures vanquished.

Grand Total: 439 creatures vanquished

Notes
Turn   | Place    | Note
-------+----------+-------------------------------------------
     0 | D:1      | EiAlmux the Draconian Fire Elementalist began the quest for
                  | the Orb.
     0 | D:1      | Reached XP level 1. HP: 14/14 MP: 3/3
   271 | D:1      | Reached XP level 2. HP: 22/22 MP: 1/5
   277 | D:1      | Learned a level 2 spell: Scorch
   561 | D:1      | Reached skill level 1 in Fighting
   943 | D:1      | Reached XP level 3. HP: 19/28 MP: 1/6
  1954 | D:3      | Identified a scroll of acquirement
  1955 | D:3      | Acquired the amulet of Doubts {RegenMP rPois Str+5 Int-2}
  2042 | D:3      | Identified the amulet "Buwu" {RegenMP rCorr Str+3}
  2078 | D:3      | Reached XP level 4. HP: 36/36 MP: 3/7
  2156 | D:3      | Identified the +0 pair of gloves "Raadalev" {rF+}
  2772 | D:4      | Reached XP level 5. HP: 42/42 MP: 5/9
  2994 | D:4      | Reached XP level 6. HP: 47/51 MP: 5/11
  3143 | D:5      | Entered Level 5 of the Dungeon
  3177 | D:5      | Noticed an ice beast
  3184 | D:5      | Killed an ice beast
  3232 | D:5      | Noticed an ice beast
  3239 | D:5      | Killed an ice beast
  3240 | D:5      | Your scales start taking on an icy white colour.
  3240 | D:5      | Reached XP level 7. HP: 57/57 MP: 6/13
  3240 | D:5      | Gained mutation: Your flesh is cold resistant. (rC+) [White
                  | Draconian growth]
  3251 | D:5      | Learned a level 3 spell: Hailstorm
  3310 | D:5      | Found a glowing silver altar of Zin.
  3595 | D:5      | Noticed Pikel
  3790 | D:6      | Reached skill level 1 in Ice Magic
  3929 | D:6      | Learned a level 3 spell: Frozen Ramparts
  3933 | D:6      | Learned a level 3 spell: Ozocubu's Armour
  3960 | D:6      | Reached skill level 2 in Ice Magic
  4048 | D:6      | Noticed a wyvern
  4055 | D:6      | Killed a wyvern
  4056 | D:6      | Reached skill level 5 in Spellcasting
  4056 | D:6      | Reached skill level 5 in Conjurations
  4056 | D:6      | Reached skill level 3 in Ice Magic
  4056 | D:6      | Reached XP level 8. HP: 18/63 MP: 4/15
  4226 | D:6      | Reached skill level 4 in Ice Magic
  4393 | D:6      | Found an opulent altar of Gozag.
  4450 | D:6      | Got the Handbook of Enchantment
  4463 | D:6      | Reached skill level 5 in Ice Magic
  4771 | D:6      | Reached skill level 6 in Ice Magic
  5020 | D:7      | Found an iron altar of Okawaru.
  5083 | D:7      | Reached XP level 9. HP: 69/69 MP: 10/17
  5083 | D:7      | Found a hide-covered altar of Uskayaw.
  5273 | D:7      | Reached skill level 7 in Ice Magic
  5350 | D:7      | Found a runed translucent door.
  5350 | D:7      | Found a shimmering altar of Xom.
  5350 | D:7      | Noticed a +1 rapier of chaos
  5350 | D:7      | Noticed Gerhazo's ghost (novice DECj)
  5405 | D:7      | Found a staircase to the Ecumenical Temple.
  5436 | Temple   | Entered the Ecumenical Temple
  5436 | Temple   | Found a transporter.
  5436 | Temple   | Found a transporter.
  5438 | Temple   | Found a transporter.
  5438 | Temple   | Found a transporter.
  5456 | Temple   | Became a worshipper of Vehumet
  5628 | D:7      | Found Refij's Tremendous Tomes.
  5836 | D:8      | Noticed Joseph
  6128 | D:8      | Found Udot's Demolitions Depot.
  6175 | D:8      | Reached skill level 8 in Ice Magic
  6196 | D:8      | Found Xaenarue's Weapon Shoppe.
  6244 | D:8      | Killed Joseph
  6260 | D:8      | Found a sand-covered staircase.
  6265 | Ossuary  | Entered an ossuary
  6321 | Ossuary  | Reached * piety under Vehumet
  6321 | Ossuary  | Offered knowledge of Sandblast by Vehumet.
  6510 | Ossuary  | Offered knowledge of Momentum Strike by Vehumet.
  6524 | Ossuary  | Reached ** piety under Vehumet
  6669 | D:8      | Identified the +5 robe "Qyaleec" {rN+ Str+3 Int+3}
  6835 | D:8      | Identified the +0 robe "Cevegut" {Will+}
  7136 | D:8      | Noticed Erica
  7493 | D:8      | Killed Erica
  7494 | D:8      | Reached skill level 1 in Shields
  7494 | D:8      | Reached skill level 9 in Ice Magic
  7494 | D:8      | Reached XP level 10. HP: 74/77 MP: 14/20
  7641 | D:9      | Noticed Erolcha
  7768 | D:9      | Noticed a two-headed ogre
  7777 | D:9      | Killed a two-headed ogre
  7778 | D:9      | Reached skill level 10 in Ice Magic
  7914 | D:9      | Noticed a cyclops
  7946 | D:9      | Noticed a manticore
  7990 | D:9      | Offered knowledge of Static Discharge by Vehumet.
  8198 | D:9      | Reached *** piety under Vehumet
  8297 | D:9      | Found Poishraq's Antique Weapon Shop.
  8471 | D:9      | Reached skill level 5 in Stealth
  8750 | D:9      | Reached skill level 5 in Dodging
  8780 | D:9      | Killed a cyclops
  8782 | D:9      | Offered knowledge of Sticky Flame by Vehumet.
  8946 | D:10     | Entered Level 10 of the Dungeon
  8960 | D:10     | Reached XP level 11. HP: 75/85 MP: 12/22
  8961 | D:10     | Reached skill level 5 in Fighting
  9011 | D:10     | Learned a level 7 spell: Ozocubu's Refrigeration
  9100 | D:10     | Reached skill level 11 in Ice Magic
  9196 | D:10     | Found a staircase to the Lair.
  9197 | D:10     | Noticed a two-headed ogre
  9215 | D:10     | Reached **** piety under Vehumet
  9219 | D:10     | Killed a two-headed ogre
  9515 | D:10     | Found a basalt altar of Yredelemnul.
  9531 | D:10     | Offered knowledge of Freezing Cloud by Vehumet.
  9538 | D:10     | Learned a level 5 spell: Freezing Cloud
  9706 | D:10     | Identified the +7 dagger "Voamezeq" {speed, rC- rN++ Will+
                  | rCorr}
  9996 | D:11     | Noticed Sonja
 10127 | D:5      | Killed Pikel
 10128 | D:5      | Reached skill level 1 in Air Magic
 10579 | D:5      | Found an ornate altar of the Wu Jian Council.
 10580 | D:5      | Found a shadowy altar of Dithmenos.
 10659 | D:7      | Killed Gerhazo's ghost
 11225 | D:9      | Reached skill level 12 in Ice Magic
 11385 | Lair:1   | Entered Level 1 of the Lair of Beasts
 11840 | Lair:1   | Noticed Grum
 11848 | Lair:1   | Killed Grum
 12603 | Lair:2   | Reached XP level 12. HP: 94/94 MP: 22/24
 12676 | Lair:2   | Reached skill level 13 in Ice Magic
 13311 | Lair:2   | Found a staircase to the Shoals.
 13859 | Lair:3   | Reached ***** piety under Vehumet
 13859 | Lair:3   | Offered knowledge of Starburst by Vehumet.
 14013 | Lair:3   | Noticed Nergalle
 14049 | Lair:3   | Slain by a spectral orc knight

Illustrated notes

Levels and vault maps discovered:
D:1:      eino_arrival_tree_alley, layout_basic
D:2:      layout_rooms, minmay_cut_off
D:3:      layout_loops_ring
D:4:      nicolae_cairo_tiling, layout_rooms, serial_undead, serial_undead_b,
          serial_undead_b, serial_undead_c, serial_undead_f,
          kennysheep_generic_room_3
D:5:      layout_loops_ring, lemuel_round_altar,
          gammafunk_temple_overflow_pools, uniq_pikel
D:6:      layout_rooms, grunt_gozag_breadcrumbs, minivault_22
D:7:      layout_loops_ring, hellmonk_okawaru_the_only_friend_you_need,
          mainiacjoe_overflow_small_starburst, minmay_temple_entry_hall,
          ebering_ghost_xom, nicolae_shop_i_like_big_books
D:8:      layout_basic, serial_shops, nicolae_shop_stone,
          nicolae_ossuary_entry_plus, nicolae_blasting_shop, kennysheep_doodads,
          serial_bayou_lagoon_a, minivault_23, uniq_erica, uniq_joseph
D:9:      minmay_clustersquares, layout_irregular_city, enter_bailey_4,
          serial_shops, nicolae_shop_advertising_works
          [nicolae_subvault_shop_adworks], uniq_erolcha
D:10:     layout_roguey, mainiacjoe_overflow_boulevard, erik_lair_island
D:11:     minmay_mutant_horseshoe, layout_basic, uniq_sonja
Temple:   hellmonk_temple_divided_pantheon
Lair:1:   layout_regular_city, uniq_grum
Lair:2:   layout_misc_corridors, elwin_shoals_entry_rooms, serial_forest,
          infiniplex_forest_side_room, infiniplex_forest_zigzag_1,
          infiniplex_forest_lined_ring, infiniplex_forest_clump_large,
          infiniplex_forest_lined_2, infiniplex_forest_straight_5,
          infiniplex_forest_end_double
Lair:3:   layout_hall_layers, nicolae_snake_entry_warm_welcome,
          patterned_corridor, uniq_nergalle

Skill      XL: |  1  2  3  4  5  6  7  8  9 10 11 12 |
---------------+-------------------------------------+-----
Fighting       | 1 2 3 4 5 |  5.0
Conjurations   | 2 3 4 5 7 |  7.0
Spellcasting   | 3 4 5 6 7 8 |  8.8
Fire Magic     | 4 3 |  3.2
Stealth        | 2 3 4 5 6 7 |  7.4
Ice Magic      | 3 6 9 10 12 13 | 13.6
Dodging        | 2 4 5 6 7 |  7.0
Shields        | 1 3 4 |  4.0
Air Magic      | 3 |  3.0

Action                     |  1- 3 |  4- 6 |  7- 9 | 10-12 || total
---------------------------+-------+-------+-------+-------++-------
  Melee: Dagger            |    27 |    32 |    92 |    41 ||   192
         Unarmed           |     2 |       |       |       ||     2
         Tailslap          |     3 |     6 |    24 |    10 ||    43
         Punch             |     1 |     1 |     3 |       ||     5
   Cast: Foxfire           |    14 |       |     6 |     1 ||    21
         Scorch            |    35 |    58 |   117 |    73 ||   283
         Hailstorm         |       |       |    71 |    57 ||   128
         Frozen Ramparts   |       |       |     8 |    20 ||    28
         Ozocubu's Armour  |       |       |     7 |     4 ||    11
         Freezing Cloud    |       |       |       |    70 ||    70
         Ozocubu's Refrige |       |       |       |    10 ||    10
Ability: Breathe Frost     |       |       |       |     1 ||     1
    Use: Scroll            |     4 |     7 |     4 |    10 ||    25
         Potion            |       |       |     1 |     1 ||     2
 Armour: Skin              |    24 |    19 |    90 |    67 ||   200
  Dodge: Dodged            |    37 |    53 |   121 |   119 ||   330
  Block: Buckler           |       |       |       |    51 ||    51

Table legend: (Time is in decaauts)
 A = Elapsed time spent in this place.
 B = Non-inter-level travel time spent in this place.
 C = Inter-level travel time spent in this place.
 D = Time resting spent in this place.
 E = Time spent auto-exploring this place.
 F = Levels seen in this place.
 G = Mean time per level.
                   A        B        C        D        E       F      G
               +--------+--------+--------+--------+--------+-----+--------+
         Total |  14082 |  13242 |    840 |   1436 |   9689 |  16 |  880.1 |
       Dungeon |  10985 |  10199 |    786 |   1436 |   7123 |  11 |  998.6 |
        Temple |     36 |     36 |      0 |      0 |      6 |   1 |   36.0 |
          Lair |   2687 |   2633 |     54 |      0 |   2297 |   3 |  895.7 |
       Ossuary |    372 |    372 |      0 |      0 |    263 |   1 |  372.0 |
               +--------+--------+--------+--------+--------+-----+--------+

Top non-repeatable levels by time:
     D:9: 1737 daAuts
     D:8: 1411 daAuts
  Lair:2: 1342 daAuts
     D:6: 1337 daAuts
     D:7: 1231 daAuts
    D:10: 1085 daAuts
  Lair:1: 1008 daAuts
     D:5: 991 daAuts
     D:1: 979 daAuts
     D:2: 974 daAuts
     D:4: 639 daAuts
     D:3: 554 daAuts
 Ossuary: 372 daAuts
  Lair:3: 336 daAuts
    D:11: 43 daAuts
